[ AOE2 MATCH · #484200774 ]
UnrankedWu vs Incas
[ REPLAY ANALYSIS · EXTRACTED FROM THE RECORDED GAME ]
Feudal
15:30
Castle
31:03
Imperial
—
| APM avg | 20.5 |
| APM peak | 50 |
| eAPM avg | 11.9 |
| Villagers / military | 56 / 0 |
Focus
⚔️ 23.5% · 🌾 76.5%
Fishing Ship ×10 · Unknown (2626) ×2
Feudal
—
Castle
—
Imperial
—
| APM avg | 27.3 |
| APM peak | 60 |
| eAPM avg | 12.4 |
| Villagers / military | 81 / 43 |
Focus
⚔️ 22.9% · 🌾 77.1%
Camel Scout ×43 · Fishing Ship ×10
Feudal
14:58
Castle
21:03
Imperial
—
| APM avg | 23.7 |
| APM peak | 48 |
| eAPM avg | 11.4 |
| Villagers / military | 67 / 14 |
Focus
⚔️ 20.2% · 🌾 79.8%
Unknown (2550) ×8 · Fishing Ship ×6 · Archer ×4 · Spearman ×4 · Mangonel ×3 · Battering Ram ×3
Feudal
14:11
Castle
24:53
Imperial
—
| APM avg | 37.4 |
| APM peak | 69 |
| eAPM avg | 16.2 |
| Villagers / military | 68 / 56 |
Focus
⚔️ 17.9% · 🌾 82.1%
Spearman ×37 · Scout Cavalry ×8 · Fishing Ship ×7 · Knight ×5 · Fire Galley ×3 · Battering Ram ×3
Feudal
16:03
Castle
23:47
Imperial
—
| APM avg | 21.5 |
| APM peak | 85 |
| eAPM avg | 8.4 |
| Villagers / military | 53 / 0 |
Focus
⚔️ 10.3% · 🌾 89.7%
Fishing Ship ×3
Feudal
12:56
Castle
21:24
Imperial
—
| APM avg | 30.6 |
| APM peak | 60 |
| eAPM avg | 13.6 |
| Villagers / military | 83 / 33 |
Focus
⚔️ 19.8% · 🌾 80.2%
Knight ×19 · Camel Scout ×10 · Fishing Ship ×9 · Scout Cavalry ×3 · Monk ×1
Match map
Initial resources + every placement click. Lines = walls · curves = elevation contours. ◆ gold · ⬟ stone · ● berries · ✦ relic · ◌ wall gap
Your base· Open — unwalled flank
estrellototota's base· Open — 3t gap
voodoomsr's base· Open — 12t gap
[CL]Alquimista's base· Open — 15t gap
NeCsuS_FR's base· Open — 13t gap
Bazinga's base· Open — 13t gap
Smoothed initial terrain · ◌ = detected wall gap · hover for details
Inputs per minute
— el_Deve - - estrellototota
Build order — el_Deve
110 actions detected in the replay
| 2:03 | Build | Town Center |
| 2:40 | Build | House |
| 2:47 | Build | House |
| 4:28 | Create | Villager (Male) |
| 4:29 | Create | Villager (Male) |
| 4:29 | Create | Villager (Male) |
| 4:29 | Create | Villager (Male) |
| 4:30 | Create | Villager (Male) |
| 4:50 | Research | Loom |
| 5:50 | Build | Dock |
| 5:58 | Create | Villager (Male) |
| 5:58 | Create | Villager (Male) |
| 6:46 | Create | Villager (Male) |
| 6:46 | Create | Villager (Male) |
| 6:47 | Create | Villager (Male) |
| 7:08 | Create | Villager (Male) |
| 7:08 | Create | Villager (Male) |
| 7:27 | Create | Villager (Male) |
| 7:28 | Create | Villager (Male) |
| 7:28 | Create | Villager (Male) |
| 7:48 | Create | Villager (Male) |
| 8:27 | Create | Villager (Male) |
| 8:27 | Create | Villager (Male) |
| 8:28 | Create | Villager (Male) |
| 8:38 | Build | House |
| 9:12 | Create | Villager (Male) |
| 9:12 | Create | Villager (Male) |
| 10:07 | Build | Lumber Camp |
| 10:39 | Create | Villager (Male) |
| 11:05 | Create | Villager (Male) |
| 11:14 | Create | Fishing Ship |
| 11:23 | Build | House |
| 11:52 | Create | Villager (Male) |
| 11:54 | Create | Villager (Male) |
| 11:59 | Create | Fishing Ship |
| 12:00 | Create | Fishing Ship |
| 12:24 | Create | Villager (Male) |
| 12:34 | Build | House |
| 12:43 | Create | Fishing Ship |
| 13:05 | Create | Villager (Male) |
| 13:18 | Research | Feudal Age |
| 13:35 | Build | Mining Camp |
| 13:55 | Build | Mill |
| 14:05 | Create | Fishing Ship |
| 14:06 | Create | Fishing Ship |
| 14:35 | Build | Lumber Camp |
| 14:48 | Build | House |
| 15:30 | Age | Feudal Age |
| 15:36 | Build | Watch Tower |
| 15:42 | Build | Watch Tower |
| 15:49 | Create | Villager (Male) |
| 15:49 | Create | Villager (Male) |
| 16:07 | Create | Unit 2626 |
| 16:07 | Create | Unit 2626 |
| 16:37 | Build | Watch Tower |
| 17:54 | Create | Villager (Male) |
| 17:54 | Create | Villager (Male) |
| 17:54 | Create | Villager (Male) |
| 17:54 | Create | Villager (Male) |
| 17:55 | Create | Villager (Male) |
| 18:06 | Create | Fishing Ship |
| 18:07 | Create | Fishing Ship |
| 18:07 | Create | Fishing Ship |
| 18:23 | Build | House |
| 18:26 | Build | House |
| 19:09 | Create | Villager (Male) |
| 19:09 | Create | Villager (Male) |
| 19:48 | Build | House |
| 19:56 | Create | Villager (Male) |
| 19:57 | Create | Villager (Male) |
| 20:03 | Build | Mining Camp |
| 20:29 | Create | Villager (Male) |
| 20:44 | Build | House |
| 20:58 | Build | House |
| 21:26 | Create | Villager (Male) |
| 21:27 | Create | Villager (Male) |
| 21:59 | Build | House |
| 22:01 | Build | House |
| 22:03 | Build | House |
| 22:04 | Build | House |
| 22:53 | Build | Market |
| 23:15 | Build | Lumber Camp |
| 23:34 | Build | Mining Camp |
| 23:38 | Create | Villager (Male) |
| 23:38 | Create | Villager (Male) |
| 23:38 | Create | Villager (Male) |
| 23:39 | Create | Villager (Male) |
| 24:11 | Create | Villager (Male) |
| 24:20 | Create | Fishing Ship |
| 24:52 | Build | Blacksmith |
| 25:21 | Create | Villager (Male) |
| 25:21 | Create | Villager (Male) |
| 25:21 | Create | Villager (Male) |
| 25:28 | Create | Villager (Male) |
| 25:28 | Create | Villager (Male) |
| 25:53 | Create | Villager (Male) |
| 26:14 | Build | Mining Camp |
| 26:17 | Create | Villager (Male) |
| 26:17 | Create | Villager (Male) |
| 28:21 | Research | Castle Age |
| 28:35 | Build | Mining Camp |
| 28:47 | Build | Watch Tower |
| 29:02 | Build | Watch Tower |
| 29:07 | Build | Watch Tower |
| 30:29 | Build | House |
| 30:44 | Build | House |
| 30:49 | Build | Stone Wall |
| 31:01 | Create | Villager (Male) |
| 31:01 | Create | Villager (Male) |
| 31:03 | Age | Castle Age |
Build order — estrellototota
First 150 of 173 actions detected
| 0:20 | Build | Town Center |
| 1:44 | Build | House |
| 2:29 | Create | Villager (Male) ×4 |
| 2:38 | Build | House |
| 3:02 | Build | Dock |
| 4:11 | Create | Villager (Male) |
| 4:29 | Create | Villager (Male) |
| 4:54 | Create | Villager (Male) |
| 5:15 | Create | Villager (Male) |
| 5:53 | Create | Villager (Male) |
| 6:18 | Create | Villager (Male) |
| 6:22 | Create | Fishing Ship |
| 6:28 | Build | House |
| 6:30 | Build | House |
| 7:04 | Create | Villager (Male) |
| 7:04 | Create | Villager (Male) |
| 7:15 | Create | Fishing Ship |
| 7:40 | Create | Villager (Male) |
| 8:00 | Create | Villager (Male) |
| 8:04 | Build | House |
| 8:06 | Build | House |
| 8:13 | Create | Fishing Ship |
| 8:31 | Create | Villager (Male) |
| 8:32 | Create | Villager (Male) |
| 8:37 | Create | Fishing Ship |
| 9:12 | Create | Villager (Male) |
| 9:12 | Create | Villager (Male) |
| 9:43 | Build | Mining Camp |
| 10:01 | Create | Fishing Ship |
| 10:21 | Create | Villager (Male) |
| 10:33 | Create | Villager (Male) |
| 10:34 | Create | Villager (Male) |
| 10:54 | Research | Feudal Age |
| 11:03 | Build | Mill |
| 11:31 | Create | Fishing Ship |
| 11:37 | Build | House |
| 11:39 | Build | House |
| 12:01 | Create | Villager (Male) |
| 12:01 | Create | Villager (Male) |
| 13:10 | Build | Blacksmith |
| 13:16 | Build | House |
| 13:40 | Create | Villager (Male) |
| 13:48 | Build | Market |
| 14:26 | Build | Palisade Gate |
| 14:33 | Research | Loom |
| 14:48 | Research | Castle Age |
| 15:15 | Build | Lumber Camp |
| 15:31 | Research | Tech 906 |
| 15:32 | Create | Fishing Ship |
| 15:33 | Create | Fishing Ship |
| 15:52 | Build | Outpost |
| 15:55 | Build | Outpost |
| 16:12 | Build | Outpost |
| 16:14 | Build | Outpost |
| 16:16 | Build | Outpost |
| 16:31 | Build | Outpost |
| 16:32 | Build | Outpost |
| 16:36 | Build | Outpost |
| 16:50 | Research | Town Watch |
| 16:52 | Research | Double-Bit Axe |
| 16:55 | Research | Horse Collar |
| 17:32 | Build | Barracks |
| 17:51 | Build | Town Center |
| 17:58 | Build | Town Center |
| 18:03 | Research | Wheelbarrow |
| 19:06 | Create | Villager (Male) |
| 19:22 | Build | Town Center |
| 19:31 | Create | Villager (Male) ×5 |
| 19:58 | Research | Bow Saw |
| 19:59 | Create | Villager (Male) |
| 20:15 | Create | Fishing Ship |
| 20:15 | Create | Fishing Ship |
| 20:30 | Create | Villager (Male) |
| 20:36 | Build | Barracks |
| 20:41 | Build | House |
| 20:42 | Build | House |
| 20:43 | Build | House |
| 21:04 | Create | Villager (Male) ×4 |
| 21:10 | Build | House |
| 21:11 | Build | House |
| 21:13 | Build | House |
| 21:18 | Create | Villager (Male) ×2 |
| 22:00 | Create | Villager (Male) ×3 |
| 22:07 | Build | Stable |
| 22:09 | Build | Stable |
| 22:18 | Create | Villager (Male) ×2 |
| 22:23 | Build | Farm |
| 22:23 | Build | Farm |
| 22:23 | Build | Farm |
| 22:24 | Build | Farm |
| 22:24 | Build | Farm |
| 22:48 | Build | Farm |
| 22:48 | Build | Farm |
| 22:48 | Build | Farm |
| 22:49 | Build | Farm |
| 22:49 | Build | Farm |
| 22:52 | Create | Villager (Male) ×2 |
| 22:58 | Build | Farm |
| 22:59 | Build | Farm |
| 23:03 | Build | House |
| 23:13 | Create | Camel Scout ×2 |
| 23:27 | Build | Farm |
| 23:28 | Build | Farm |
| 23:40 | Build | Farm |
| 23:41 | Build | Farm |
| 23:41 | Build | Farm |
| 23:41 | Build | Farm |
| 23:47 | Create | Camel Scout ×2 |
| 23:56 | Build | House |
| 23:57 | Build | House |
| 23:58 | Build | House |
| 23:59 | Build | House |
| 24:00 | Build | House |
| 24:00 | Build | House |
| 24:16 | Research | Husbandry |
| 24:17 | Research | Bloodlines |
| 24:32 | Create | Camel Scout ×2 |
| 24:37 | Create | Villager (Male) ×4 |
| 24:54 | Create | Camel Scout |
| 24:55 | Create | Villager (Male) ×2 |
| 25:04 | Build | Town Center |
| 25:20 | Create | Villager (Male) ×5 |
| 25:27 | Research | Gold Mining |
| 25:59 | Create | Camel Scout |
| 26:13 | Create | Camel Scout ×2 |
| 26:21 | Create | Villager (Male) ×5 |
| 26:37 | Create | Villager (Male) ×5 |
| 26:45 | Build | Stable |
| 26:47 | Build | Stable |
| 26:53 | Build | Farm |
| 26:53 | Build | Farm |
| 26:53 | Build | Farm |
| 26:53 | Build | Farm |
| 26:58 | Research | Forging |
| 27:16 | Create | Camel Scout ×3 |
| 27:21 | Build | Farm |
| 27:21 | Build | Farm |
| 27:21 | Build | Farm |
| 27:21 | Build | Farm |
| 27:21 | Build | Farm |
| 27:32 | Research | Scale Barding Armor |
| 27:34 | Create | Villager (Male) ×5 |
| 27:51 | Build | Town Center |
| 27:54 | Create | Villager (Male) ×3 |
| 28:06 | Build | Farm |
| 28:15 | Create | Camel Scout ×2 |
| 28:15 | Create | Camel Scout ×2 |
| 28:36 | Research | Gold Shaft Mining |
| 28:36 | Research | Stone Mining |
| 28:38 | Create | Villager (Male) ×2 |
Build order — voodoomsr
First 150 of 168 actions detected
| 0:56 | Build | Town Center |
| 1:59 | Build | House |
| 3:02 | Create | Villager (Male) |
| 3:03 | Create | Villager (Male) |
| 3:29 | Create | Villager (Male) |
| 3:33 | Build | Dock |
| 4:14 | Create | Villager (Male) |
| 4:36 | Create | Villager (Male) |
| 5:02 | Create | Villager (Male) |
| 5:29 | Create | Villager (Male) |
| 5:52 | Create | Villager (Male) |
| 6:22 | Create | Villager (Male) |
| 6:47 | Create | Fishing Ship |
| 6:49 | Create | Villager (Male) |
| 7:10 | Create | Villager (Male) |
| 7:31 | Build | Settlement |
| 7:40 | Create | Villager (Male) |
| 7:48 | Research | Loom |
| 7:54 | Build | House |
| 8:09 | Create | Villager (Male) |
| 8:26 | Create | Fishing Ship |
| 8:34 | Create | Villager (Male) |
| 8:54 | Create | Villager (Male) |
| 9:07 | Create | Villager (Male) |
| 9:12 | Create | Fishing Ship |
| 9:32 | Create | Villager (Male) |
| 9:46 | Create | Fishing Ship |
| 9:57 | Create | Villager (Male) |
| 10:20 | Create | Villager (Male) |
| 10:34 | Build | Settlement |
| 10:45 | Create | Villager (Male) |
| 11:04 | Create | Villager (Male) |
| 11:21 | Build | Settlement |
| 11:26 | Create | Villager (Male) |
| 11:49 | Create | Villager (Male) |
| 12:24 | Research | Feudal Age |
| 12:38 | Create | Fishing Ship |
| 13:14 | Build | Barracks |
| 14:15 | Create | Unit 2550 |
| 14:37 | Build | Farm |
| 14:42 | Build | Farm |
| 14:48 | Create | Fishing Ship |
| 14:58 | Age | Feudal Age |
| 15:02 | Create | Villager (Male) |
| 15:15 | Build | Archery Range |
| 15:19 | Create | Villager (Male) |
| 15:39 | Create | Villager (Male) |
| 15:44 | Build | Blacksmith |
| 15:50 | Research | Double-Bit Axe |
| 15:53 | Create | Villager (Male) |
| 16:01 | Build | Farm |
| 16:05 | Build | Farm |
| 16:09 | Build | Farm |
| 16:10 | Create | Villager (Male) |
| 16:36 | Create | Archer |
| 16:41 | Create | Villager (Male) |
| 16:48 | Build | Farm |
| 16:50 | Build | Farm |
| 16:54 | Build | Farm |
| 16:58 | Research | Tech 1402 |
| 17:04 | Build | Farm |
| 17:05 | Create | Villager (Male) |
| 17:12 | Build | Farm |
| 17:40 | Build | Settlement |
| 17:42 | Create | Villager (Male) |
| 17:53 | Build | Settlement |
| 18:21 | Research | Castle Age |
| 18:26 | Create | Archer |
| 18:35 | Research | Fletching |
| 18:39 | Create | Spearman |
| 18:44 | Build | Barracks |
| 18:48 | Create | Villager (Male) |
| 19:38 | Build | Palisade Gate |
| 19:50 | Create | Spearman |
| 19:51 | Create | Archer |
| 20:18 | Create | Spearman |
| 20:18 | Create | Unit 2550 |
| 20:19 | Create | Archer |
| 20:23 | Build | Archery Range |
| 21:03 | Age | Castle Age |
| 21:11 | Build | Siege Workshop |
| 21:12 | Create | Villager (Male) |
| 21:13 | Create | Villager (Male) |
| 21:34 | Build | Settlement |
| 21:40 | Research | Gold Mining |
| 22:04 | Create | Villager (Male) |
| 22:05 | Create | Villager (Male) |
| 22:32 | Build | Settlement |
| 22:35 | Research | Gold Shaft Mining |
| 22:37 | Create | Villager (Male) |
| 22:39 | Create | Battering Ram |
| 22:47 | Research | Scale Mail Armor |
| 22:54 | Create | Villager (Male) |
| 23:11 | Create | Battering Ram |
| 23:20 | Create | Battering Ram |
| 23:32 | Create | Villager (Male) |
| 24:04 | Research | Crossbowman (upgrade) |
| 24:05 | Create | Villager (Male) |
| 24:41 | Research | Pikeman (upgrade) |
| 24:42 | Create | Villager (Male) |
| 24:43 | Create | Villager (Male) |
| 25:17 | Create | Mangonel |
| 25:18 | Create | Villager (Male) |
| 25:22 | Create | Villager (Male) |
| 25:36 | Build | Town Center |
| 25:51 | Create | Mangonel |
| 26:01 | Create | Villager (Male) |
| 26:06 | Research | Tech 906 |
| 26:14 | Create | Mangonel |
| 26:18 | Create | Spearman |
| 26:20 | Create | Unit 2550 |
| 26:20 | Create | Unit 2550 |
| 26:20 | Research | Tech 1351 |
| 26:28 | Create | Villager (Male) |
| 26:28 | Create | Villager (Male) |
| 26:48 | Create | Villager (Male) |
| 26:49 | Create | Villager (Male) |
| 27:33 | Research | Bodkin Arrow |
| 27:40 | Create | Villager (Male) |
| 27:40 | Create | Villager (Male) |
| 27:41 | Create | Villager (Male) |
| 27:50 | Build | Farm |
| 27:50 | Build | Farm |
| 27:50 | Build | Farm |
| 27:51 | Build | Farm |
| 27:51 | Build | Farm |
| 27:53 | Create | Villager (Male) |
| 27:54 | Create | Villager (Male) |
| 28:01 | Build | Town Center |
| 28:53 | Research | Squires |
| 28:55 | Create | Villager (Male) |
| 28:55 | Create | Villager (Male) |
| 28:55 | Create | Villager (Male) |
| 29:06 | Build | Farm |
| 29:07 | Build | Farm |
| 29:07 | Build | Farm |
| 29:07 | Build | Farm |
| 29:20 | Build | Barracks |
| 29:24 | Create | Villager (Male) |
| 29:25 | Create | Villager (Male) |
| 30:08 | Create | Villager (Male) |
| 30:08 | Create | Villager (Male) |
| 30:09 | Create | Villager (Male) |
| 30:15 | Build | Settlement |
| 30:16 | Build | Farm |
| 30:17 | Build | Farm |
| 30:17 | Build | Farm |
| 30:17 | Build | Farm |
| 30:17 | Build | Farm |
| 30:27 | Create | Villager (Male) |
Build order — [CL]Alquimista
150 actions detected in the replay
| 0:45 | Build | Town Center |
| 2:43 | Create | Villager (Male) |
| 2:43 | Create | Villager (Male) |
| 2:43 | Create | Villager (Male) |
| 2:51 | Create | Villager (Male) |
| 2:52 | Create | Villager (Male) |
| 4:13 | Create | Villager (Male) |
| 4:45 | Create | Villager (Male) |
| 4:46 | Create | Villager (Male) |
| 5:16 | Create | Villager (Male) |
| 5:16 | Create | Villager (Male) |
| 5:17 | Create | Villager (Male) |
| 5:33 | Create | Villager (Male) |
| 6:18 | Create | Villager (Male) |
| 6:58 | Build | Mill |
| 7:01 | Create | Villager (Male) |
| 7:01 | Create | Villager (Male) |
| 7:01 | Create | Villager (Male) |
| 7:02 | Create | Villager (Male) |
| 7:02 | Create | Villager (Male) |
| 7:45 | Create | Villager (Male) |
| 7:46 | Create | Villager (Male) |
| 8:06 | Create | Villager (Male) |
| 8:06 | Create | Villager (Male) |
| 8:27 | Create | Villager (Male) |
| 8:27 | Create | Villager (Male) |
| 8:49 | Create | Villager (Male) |
| 9:11 | Create | Villager (Male) |
| 9:57 | Create | Villager (Male) |
| 10:57 | Build | Farm |
| 11:12 | Create | Villager (Male) |
| 11:20 | Build | Lumber Camp |
| 11:31 | Research | Loom |
| 11:44 | Research | Feudal Age |
| 12:14 | Create | Villager (Male) |
| 12:14 | Create | Villager (Male) |
| 12:24 | Build | Barracks |
| 12:57 | Build | Mining Camp |
| 14:11 | Age | Feudal Age |
| 14:15 | Create | Spearman |
| 14:19 | Build | Stable |
| 14:24 | Research | Double-Bit Axe |
| 14:25 | Create | Villager (Male) |
| 14:32 | Create | Spearman |
| 14:51 | Build | Watch Tower |
| 14:53 | Create | Scout Cavalry ×5 |
| 15:15 | Create | Spearman |
| 15:16 | Create | Spearman |
| 15:30 | Create | Villager (Male) |
| 15:30 | Create | Villager (Male) |
| 15:30 | Create | Villager (Male) |
| 15:30 | Create | Villager (Male) |
| 16:24 | Create | Villager (Male) |
| 16:51 | Create | Villager (Male) |
| 16:51 | Create | Villager (Male) |
| 17:09 | Build | Mining Camp |
| 17:14 | Create | Villager (Male) |
| 17:20 | Build | Market |
| 17:32 | Build | Blacksmith |
| 17:55 | Create | Scout Cavalry |
| 18:07 | Build | Mining Camp |
| 18:36 | Create | Villager (Male) |
| 18:56 | Create | Scout Cavalry |
| 19:01 | Create | Villager (Male) |
| 19:12 | Build | Farm |
| 19:12 | Build | Farm |
| 19:13 | Build | Farm |
| 19:15 | Build | Farm |
| 19:34 | Create | Scout Cavalry |
| 20:08 | Create | Villager (Male) |
| 20:08 | Create | Villager (Male) |
| 20:34 | Create | Villager (Male) |
| 20:43 | Build | Farm |
| 20:44 | Build | Farm |
| 21:01 | Build | Farm |
| 21:05 | Create | Villager (Male) |
| 21:41 | Create | Villager (Male) |
| 22:05 | Research | Castle Age |
| 22:15 | Build | Dock |
| 22:29 | Research | Forging |
| 23:03 | Create | Villager (Male) |
| 23:10 | Build | Farm |
| 23:28 | Create | Fishing Ship ×5 |
| 23:36 | Build | Dock |
| 23:48 | Research | Bloodlines |
| 23:56 | Research | Horse Collar |
| 24:08 | Build | Farm |
| 24:09 | Build | Farm |
| 24:10 | Build | Farm |
| 24:26 | Create | Fire Galley |
| 24:26 | Create | Fire Galley |
| 24:42 | Create | Spearman ×5 |
| 24:53 | Age | Castle Age |
| 24:57 | Research | Pikeman (upgrade) |
| 25:15 | Create | Spearman |
| 25:15 | Create | Spearman |
| 25:22 | Create | Villager (Male) |
| 25:22 | Create | Villager (Male) |
| 26:06 | Create | Villager (Male) |
| 26:08 | Create | Spearman |
| 26:08 | Create | Spearman |
| 26:17 | Build | Town Center |
| 26:25 | Create | Spearman |
| 26:25 | Create | Spearman |
| 26:32 | Create | Spearman |
| 26:32 | Create | Spearman |
| 26:38 | Build | Barracks |
| 26:41 | Create | Villager (Male) |
| 26:41 | Create | Villager (Male) |
| 26:41 | Create | Villager (Male) |
| 26:47 | Research | Bow Saw |
| 27:04 | Create | Fire Galley |
| 27:22 | Create | Spearman |
| 27:25 | Create | Spearman ×5 |
| 27:40 | Create | Villager (Male) |
| 27:40 | Create | Villager (Male) |
| 27:41 | Create | Villager (Male) |
| 27:49 | Build | Farm |
| 27:52 | Build | Farm |
| 27:53 | Build | Farm |
| 28:03 | Create | Spearman |
| 28:06 | Create | Villager (Male) |
| 28:06 | Create | Villager (Male) |
| 28:06 | Create | Villager (Male) |
| 28:11 | Create | Fishing Ship |
| 28:12 | Create | Fishing Ship |
| 28:37 | Create | Spearman |
| 29:07 | Create | Villager (Male) |
| 29:07 | Create | Villager (Male) |
| 29:08 | Create | Villager (Male) |
| 29:09 | Create | Villager (Male) |
| 29:25 | Build | Siege Workshop |
| 29:37 | Create | Spearman ×5 |
| 29:40 | Create | Spearman ×3 |
| 29:50 | Build | Farm |
| 29:50 | Build | Farm |
| 29:51 | Build | Farm |
| 29:55 | Create | Villager (Male) |
| 30:17 | Build | Lumber Camp |
| 30:41 | Create | Villager (Male) |
| 30:41 | Create | Villager (Male) |
| 30:42 | Create | Villager (Male) |
| 30:43 | Create | Villager (Male) |
| 30:53 | Create | Battering Ram ×2 |
| 31:03 | Create | Knight ×5 |
| 31:17 | Create | Battering Ram |
| 31:26 | Create | Spearman |
| 31:29 | Create | Spearman |
| 31:30 | Create | Spearman |
| 31:30 | Create | Spearman |
Build order — NeCsuS_FR
98 actions detected in the replay
| 1:42 | Build | Town Center |
| 4:04 | Create | Villager (Male) |
| 4:04 | Create | Villager (Male) |
| 4:04 | Create | Villager (Male) |
| 4:05 | Create | Villager (Male) |
| 4:05 | Create | Villager (Male) |
| 5:16 | Build | House |
| 5:22 | Research | Loom |
| 5:23 | Create | Villager (Male) |
| 5:23 | Create | Villager (Male) |
| 6:03 | Create | Villager (Male) |
| 6:23 | Create | Villager (Male) |
| 6:51 | Build | House |
| 7:10 | Create | Villager (Male) |
| 7:50 | Create | Villager (Male) |
| 7:50 | Create | Villager (Male) |
| 7:58 | Build | House |
| 8:29 | Build | Mill |
| 8:30 | Create | Villager (Male) |
| 8:31 | Create | Villager (Male) |
| 8:31 | Create | Villager (Male) |
| 8:31 | Create | Villager (Male) |
| 9:12 | Create | Villager (Male) |
| 9:41 | Create | Villager (Male) |
| 10:12 | Create | Villager (Male) |
| 11:14 | Create | Villager (Male) |
| 11:15 | Create | Villager (Male) |
| 11:15 | Create | Villager (Male) |
| 11:15 | Create | Villager (Male) |
| 11:35 | Create | Villager (Male) |
| 11:47 | Build | House |
| 13:13 | Create | Villager (Male) |
| 13:13 | Create | Villager (Male) |
| 13:37 | Build | Mining Camp |
| 13:53 | Research | Feudal Age |
| 14:10 | Build | House |
| 14:22 | Build | Barracks |
| 14:59 | Build | Farm |
| 15:05 | Create | Villager (Male) |
| 15:05 | Create | Villager (Male) |
| 15:20 | Build | Farm |
| 15:21 | Build | Farm |
| 15:48 | Build | Mill |
| 16:03 | Age | Feudal Age |
| 16:37 | Create | Villager (Male) |
| 17:14 | Build | Stable |
| 17:49 | Create | Villager (Male) |
| 17:49 | Create | Villager (Male) |
| 18:10 | Build | Blacksmith |
| 18:37 | Create | Villager (Male) |
| 18:58 | Build | Farm |
| 19:01 | Build | Farm |
| 19:06 | Create | Villager (Male) |
| 19:07 | Create | Villager (Male) |
| 19:11 | Build | Farm |
| 19:14 | Build | Farm |
| 19:40 | Create | Villager (Male) |
| 20:11 | Build | House |
| 20:26 | Build | Mill |
| 20:35 | Create | Villager (Male) |
| 21:07 | Research | Castle Age |
| 21:39 | Create | Villager (Male) |
| 21:39 | Create | Villager (Male) |
| 22:58 | Create | Villager (Male) |
| 23:20 | Build | Mining Camp |
| 23:47 | Age | Castle Age |
| 24:37 | Create | Villager (Male) |
| 24:46 | Build | Farm |
| 25:19 | Create | Villager (Male) |
| 25:20 | Create | Villager (Male) |
| 25:59 | Build | Town Center |
| 26:05 | Create | Villager (Male) |
| 26:09 | Build | House |
| 26:10 | Build | House |
| 27:03 | Build | Castle |
| 28:03 | Build | House |
| 28:14 | Build | Palisade Gate |
| 28:25 | Create | Villager (Male) |
| 28:25 | Create | Villager (Male) |
| 28:25 | Create | Villager (Male) |
| 28:47 | Create | Villager (Male) |
| 28:47 | Create | Villager (Male) |
| 29:24 | Build | House |
| 29:25 | Build | House |
| 29:27 | Create | Villager (Male) |
| 29:28 | Create | Villager (Male) |
| 29:28 | Create | Villager (Male) |
| 29:41 | Build | House |
| 29:56 | Build | Dock |
| 30:15 | Build | Lumber Camp |
| 30:23 | Research | Stone Mining |
| 30:34 | Create | Fishing Ship |
| 30:38 | Create | Villager (Male) |
| 30:39 | Create | Villager (Male) |
| 30:45 | Build | Dock |
| 31:16 | Create | Fishing Ship |
| 31:16 | Create | Fishing Ship |
| 31:20 | Build | House |
Build order — Bazinga
First 150 of 210 actions detected
| 0:55 | Build | Town Center |
| 1:03 | Build | Dock |
| 1:55 | Build | House |
| 3:32 | Create | Fishing Ship |
| 3:35 | Create | Villager (Male) |
| 3:35 | Create | Villager (Male) |
| 3:35 | Create | Villager (Male) |
| 3:35 | Create | Villager (Male) |
| 3:36 | Create | Villager (Male) |
| 3:36 | Create | Villager (Male) |
| 4:04 | Create | Villager (Male) |
| 4:05 | Create | Villager (Male) |
| 4:35 | Build | House |
| 5:14 | Create | Fishing Ship |
| 5:52 | Create | Villager (Male) |
| 5:53 | Create | Villager (Male) |
| 5:56 | Create | Fishing Ship |
| 6:32 | Create | Villager (Male) |
| 6:33 | Create | Villager (Male) |
| 6:35 | Create | Fishing Ship |
| 6:54 | Create | Villager (Male) |
| 7:05 | Research | Loom |
| 7:09 | Build | House |
| 7:12 | Create | Villager (Male) |
| 7:13 | Create | Villager (Male) |
| 7:19 | Build | House |
| 7:25 | Create | Villager (Male) |
| 7:26 | Create | Villager (Male) |
| 7:59 | Create | Fishing Ship |
| 8:12 | Create | Villager (Male) |
| 8:12 | Create | Villager (Male) |
| 8:41 | Create | Villager (Male) |
| 8:41 | Create | Villager (Male) |
| 8:48 | Create | Fishing Ship |
| 8:48 | Create | Fishing Ship |
| 8:53 | Create | Villager (Male) |
| 8:54 | Create | Villager (Male) |
| 9:00 | Build | House |
| 9:39 | Create | Villager (Male) |
| 10:08 | Build | Mill |
| 10:52 | Research | Feudal Age |
| 11:22 | Build | Lumber Camp |
| 11:53 | Build | Barracks |
| 11:58 | Build | House |
| 12:00 | Build | Palisade Wall |
| 12:02 | Build | Palisade Wall |
| 12:48 | Create | Villager (Male) |
| 12:56 | Age | Feudal Age |
| 13:01 | Build | Stable |
| 13:07 | Create | Villager (Male) |
| 13:07 | Create | Villager (Male) |
| 13:43 | Build | House |
| 13:45 | Research | Double-Bit Axe |
| 13:51 | Create | Scout Cavalry |
| 13:52 | Create | Scout Cavalry |
| 13:52 | Create | Scout Cavalry |
| 14:04 | Create | Villager (Male) |
| 14:34 | Create | Villager (Male) |
| 14:34 | Create | Villager (Male) |
| 14:41 | Create | Fishing Ship |
| 15:09 | Build | Mining Camp |
| 15:10 | Create | Villager (Male) |
| 15:32 | Create | Villager (Male) |
| 15:36 | Build | Farm |
| 15:38 | Build | Farm |
| 15:39 | Build | Farm |
| 15:41 | Build | Farm |
| 15:41 | Create | Villager (Male) |
| 15:45 | Research | Horse Collar |
| 15:52 | Build | House |
| 16:03 | Create | Fishing Ship |
| 16:05 | Create | Villager (Male) |
| 16:13 | Build | House |
| 16:13 | Build | House |
| 16:16 | Build | Palisade Wall |
| 16:21 | Build | Palisade Wall |
| 17:28 | Create | Villager (Male) |
| 17:30 | Create | Villager (Male) |
| 17:32 | Create | Villager (Male) |
| 17:39 | Build | Blacksmith |
| 17:43 | Create | Villager (Male) |
| 18:23 | Build | Farm |
| 18:26 | Build | Farm |
| 18:28 | Build | Farm |
| 18:28 | Build | Farm |
| 18:31 | Build | Farm |
| 18:32 | Build | Farm |
| 18:33 | Build | Farm |
| 18:37 | Build | Farm |
| 18:46 | Research | Castle Age |
| 18:46 | Research | Castle Age |
| 19:26 | Research | Forging |
| 19:28 | Create | Villager (Male) |
| 19:33 | Build | Farm |
| 19:53 | Research | Bloodlines |
| 20:02 | Build | Stable |
| 20:03 | Build | House |
| 20:05 | Build | House |
| 21:04 | Research | Scale Barding Armor |
| 21:24 | Age | Castle Age |
| 21:28 | Create | Villager (Male) |
| 21:38 | Build | Town Center |
| 22:09 | Create | Villager (Male) |
| 22:20 | Build | Town Center |
| 22:25 | Create | Knight |
| 22:25 | Create | Knight |
| 22:27 | Create | Camel Scout |
| 22:28 | Create | Camel Scout |
| 22:29 | Create | Villager (Male) |
| 22:34 | Research | Iron Casting |
| 22:40 | Create | Villager (Male) |
| 22:53 | Build | Stable |
| 22:57 | Create | Villager (Male) |
| 23:11 | Create | Camel Scout |
| 23:11 | Create | Camel Scout |
| 23:13 | Create | Villager (Male) |
| 23:19 | Research | Gold Mining |
| 23:31 | Create | Villager (Male) |
| 23:39 | Research | Husbandry |
| 24:04 | Create | Villager (Male) |
| 24:06 | Create | Villager (Male) |
| 24:07 | Create | Villager (Male) |
| 24:09 | Create | Villager (Male) |
| 24:11 | Create | Villager (Male) |
| 24:13 | Create | Villager (Male) |
| 24:31 | Create | Villager (Male) |
| 24:32 | Create | Villager (Male) |
| 24:35 | Create | Camel Scout |
| 24:35 | Create | Camel Scout |
| 25:01 | Create | Knight |
| 25:01 | Create | Knight |
| 25:04 | Create | Villager (Male) |
| 25:05 | Create | Villager (Male) |
| 25:13 | Build | Farm |
| 25:15 | Build | Farm |
| 25:17 | Build | Farm |
| 25:18 | Build | Farm |
| 25:25 | Create | Villager (Male) |
| 25:28 | Build | Farm |
| 25:29 | Create | Villager (Male) |
| 25:31 | Build | Farm |
| 25:35 | Build | Farm |
| 25:38 | Build | Farm |
| 25:38 | Build | Farm |
| 25:39 | Build | Farm |
| 25:44 | Create | Villager (Male) |
| 25:44 | Create | Villager (Male) |
| 25:44 | Create | Villager (Male) |
| 25:47 | Create | Knight |
| 25:48 | Create | Knight |
Match timeline
| 1:03 | Bazinga · first_building Dock |
| 3:02 | estrellototota · first_building Dock |
| 3:33 | voodoomsr · first_building Dock |
| 5:50 | el_Deve · first_building Dock |
| 11:53 | Bazinga · first_building Barracks |
| 12:00 | Bazinga · wall_segment Palisade Wall x1 |
| 12:02 | Bazinga · wall_segment Palisade Wall x1 |
| 12:24 | [CL]Alquimista · first_building Barracks |
| 12:56 | Bazinga · age_up feudal |
| 13:01 | Bazinga · first_building Stable |
| 13:14 | voodoomsr · first_building Barracks |
| 14:11 | [CL]Alquimista · age_up feudal |
| 14:19 | [CL]Alquimista · first_building Stable |
| 14:22 | NeCsuS_FR · first_building Barracks |
| 14:58 | voodoomsr · age_up feudal |
| 15:15 | voodoomsr · first_building Archery Range |
| 15:30 | el_Deve · age_up feudal |
| 16:03 | NeCsuS_FR · age_up feudal |
| 16:16 | Bazinga · wall_segment Palisade Wall x6 |
| 16:21 | Bazinga · wall_segment Palisade Wall x4 |
| 17:14 | NeCsuS_FR · first_building Stable |
| 17:32 | estrellototota · first_building Barracks |
| 21:03 | voodoomsr · age_up castle |
| 21:11 | voodoomsr · first_building Siege Workshop |
| 21:24 | Bazinga · age_up castle |
| 21:45 | [CL]Alquimista · first_market_sell 500 stone |
| 21:46 | [CL]Alquimista · first_market_buy 500 food |
| 22:07 | estrellototota · first_building Stable |
| 22:15 | [CL]Alquimista · first_building Dock |
| 23:47 | NeCsuS_FR · age_up castle |
| 24:53 | [CL]Alquimista · age_up castle |
| 25:05 | el_Deve · first_market_sell 100 wood |
| 26:39 | Bazinga · first_building Monastery |
| 27:03 | NeCsuS_FR · first_building Castle |
| 27:54 | el_Deve · first_market_buy 100 food |
| 29:25 | [CL]Alquimista · first_building Siege Workshop |
| 29:56 | NeCsuS_FR · first_building Dock |
| 30:08 | estrellototota · first_market_sell 500 wood |
| 30:42 | Bazinga · first_building Castle |
| 30:49 | el_Deve · wall_segment Stone Wall x1 |
| 31:03 | el_Deve · age_up castle |
| 31:38 | el_Deve · resign |
| 31:40 | estrellototota · first_building Castle |
[ AI ANALYSIS · 1 CREDIT ]
What really happened in this match?
Wolo.gg analyzes every decision: build order, eco, micro, common mistakes by bracket. Personalized analysis on WhatsApp or Discord in 30 seconds.
Civ guide
Wu
Perfil
Jugador #22310335